 Dungeon Crawl Stone Soup version 0.29.1-1-gd02db6906a (webtiles) character file.

Game seed: 15049845283236201273

15336 xian the Cleaver (level 12, -11/92 HPs)
             Began as a Demonspawn Abyssal Knight on Oct 8, 2022.
             Was a High Priest of Lugonu.
             Mangled by a boulder beetle (21 damage)
             ... on level 12 of the Dungeon.
             The game lasted 00:35:38 (14097 turns).

xian the Cleaver (Demonspawn Abyssal Knight)       Turns: 14097, Time: 00:35:39

Health: -11/92     AC: 18    Str: 17    XL:     12   Next: 0%
Magic:  13/13      EV:  5    Int: 13    God:    Lugonu [*****.]
Gold:   586        SH: 18    Dex: 14    Spells: 11/11 levels left

rFire   . . .      SeeInvis +   a - +2 hand axe (vorpal)
rCold   . . .      Faith    .   p - +2 kite shield
rNeg    . . .      Spirit   .   l - +0 plate armour
rPois   .          Reflect  +   (no helmet)
rElec   .          Harm     .   (no cloak)
rCorr   .          Rampage  .   v - +0 pair of gloves
Will    +....                   y - +0 pair of boots
Stlth   ..........              k - amulet of reflection
HPRegen 0.25/turn               C - ring of see invisible
MPRegen 0.13/turn               F - +4 ring of slaying

@: about to teleport
A: claws 2, demonic guardian 2, powered by death 2, sharp scales 3, demonic
willpower
a: Renounce Religion, Depart the Abyss, Bend Space, Banish, Corrupt, Enter the
Abyss


You were on level 12 of the Dungeon.
You worshipped Lugonu.
Lugonu was extremely pleased with you.
You visited 1 branch of the dungeon, and saw 12 of its levels.
You visited the Abyss 1 time.

You collected 600 gold pieces.
You spent 14 gold pieces at shops.

Inventory:

Hand Weapons
 a - a +2 vorpal hand axe (weapon)
 N - the +7 sling "Testudineslayer" {vorpal, rPois Will+}
   (You found it on level 9 of the Dungeon)

   Any ammunition fired from it inflicts extra damage upon your enemies.
   rPois:     It protects you from poison.
   Will:      It increases your willpower.
Missiles
 h - 54 stones (quivered)
 i - 14 boomerangs
 m - 5 silver javelins
 t - 6 javelins
 x - 3 boomerangs of dispersal
 K - 27 poisoned darts
 L - a curare-tipped dart
Armour
 l - a +0 plate armour (worn)
 p - a +2 kite shield (worn)
 v - a +0 pair of gloves (worn)
 y - a +0 pair of boots (worn)
Jewellery
 k - an amulet of reflection (around neck)
 C - a ring of see invisible (left hand)
 F - a +4 ring of slaying (right hand)
 J - a ring of fire
 Q - a ring of ice
Wands
 n - a wand of roots (11)
 G - a wand of mindburst (5)
 P - a wand of paralysis (11)
Scrolls
 d - 2 scrolls of butterflies
 e - 3 scrolls of immolation {unknown}
 j - a scroll of amnesia
 o - 3 scrolls of fear {unknown}
 q - a scroll of magic mapping
 r - a scroll of vulnerability
 w - a scroll of teleportation
 B - 6 scrolls of enchant weapon
 E - a scroll of enchant armour
 H - 2 scrolls of silence
 M - 3 scrolls of poison
 O - a scroll of summoning
 R - 2 scrolls of blinking
Potions
 b - 4 potions of brilliance
 c - 2 potions of magic {unknown}
 f - 2 potions of curing
 s - a potion of might {unknown}
 u - a potion of mutation {unknown}
 z - 3 potions of haste {unknown}
 A - 2 potions of flight {unknown}
 D - a potion of cancellation
 I - a potion of ambrosia


   Skills:
 + Level 8.1 Fighting
 + Level 10.6 Axes
 + Level 4.3 Ranged Weapons
 + Level 1.7 Throwing
 + Level 7.2 Armour
 + Level 2.2 Dodging
 + Level 2.0 Stealth
 + Level 9.3 Shields
 + Level 2.5 Invocations
 + Level 0.3 Evocations


You had 11 spell levels left.
You didn't know any spells.
Your spell library contained the following spells:

 Spells                   Type           Power      Damage    Failure   Level
 Freeze                   Ice            0%         1d3       100%        1
 Static Discharge         Conj/Air       0%         3-3/arc   100%        2
 Frozen Ramparts          Ice            0%         1d1       100%        3
 Gell's Gravitas          Tloc           0%         N/A       100%        3
 Lesser Beckoning         Tloc           0%         N/A       100%        3
 Teleport Other           Tloc           0%         N/A       100%        3
 Dispel Undead            Necr           0%         3d6       100%        4
 Hailstorm                Conj/Ice       0%         3d3       100%        4
 Ice Form                 Ice/Tmut       0%         N/A       100%        4
 Sticky Flame             Conj/Fire      0%         2d3       100%        4
 Summon Ice Beast         Ice/Summ       0%         N/A       100%        4


Dungeon Overview and Level Annotations

Branches:
Dungeon (12/15)            Temple (0/1) D:7            Lair (0/5) D:8
    Orc (0/2) D:12

Altars:
Dithmenos
Fedhas
Hepliaklqana
Kikubaaqudgha
Makhleb
Trog
Uskayaw
Vehumet
Wu Jian
Xom
Yredelemnul

Shops:
D:4 *   D:6 *   D:8 [   D:10 *

Portals:
Gauntlet: D:12

Annotations:
D:3 1 runed translucent door, Fractals's ghost, amateur HuCj


Innate Abilities, Weirdness & Mutations

You have very sharp fingernails.
A demonic guardian rushes to your aid.
You regenerate health from kills.
You are completely covered in razor-sharp scales. (AC +3, Slay +3)
You punish those that try to bend your will. (Will+)


Message History

The boulder beetle bites you!
You hit the boulder beetle.
The boulder beetle is moderately wounded.
The boulder beetle bites you!!
You hit the boulder beetle but do no damage.
The boulder beetle is moderately wounded.
You block the boulder beetle's attack.
Unknown command.
You slash the boulder beetle!
The boulder beetle is heavily wounded.
You hear the crackling of a melting archway nearby.
You hear the thunderous beating of a drum.
The boulder beetle bites you but does no damage.
You hit the boulder beetle.
The boulder beetle is heavily wounded.
The boulder beetle waves its antennae.
The boulder beetle barely misses you.
You hit the boulder beetle but do no damage.
The boulder beetle is heavily wounded.
You block the boulder beetle's attack.
You hit the boulder beetle but do no damage.
The boulder beetle is heavily wounded.
You hit the boulder beetle.
The boulder beetle is heavily wounded.
You block the boulder beetle's attack.
Unknown command.
You hit the boulder beetle but do no damage.
The boulder beetle is heavily wounded.
The boulder beetle leaps!
The boulder beetle leaps!
Unknown command.
The boulder beetle curls into a ball and begins rolling!
The boulder beetle hits you!!
* * * LOW HITPOINT WARNING * * *
A demonic guardian appears!
The boulder beetle stops rolling and uncurls.
Okay, then.
As you read the scroll of teleportation, it crumbles to dust.
You feel strangely unstable. The boulder beetle bites you!!
You die...

###.# ####...#.# *~~~~,,*
#.# ##.##.# **~~~,,,* #.#
#.##.# *~~~,,,,* #.# #.##.#
*~~~,,,,* #.# #.##.#
*~~~,,,8* #.# #.##.#
***~~~~,,,* #.# #....#
***,,~~~,,,,* #.#
###..#**,,,,~~~,,,,* ###.#
#∩@#*,,*,,~~~,,∩,* #...#
*#B.#*,**,,~~~,,,,* #####
#°..4,,**,,~~~,,,,* *
*********#...#.*****~~~,,,,*
*****,,,,,,,,.......*
*~~~,,,,*
**,+,,******##.###,.#
*~~~,,,,* ,,,**,* #.,,,,.#
*~~~,,,,* **,+,,* ##****,#
**~~~,,,* ****,,* *,,,*
*~~~,,,*


You could see a boulder beetle (ally target) and a friendly orange demon
(summoned).

Vanquished Creatures
  2 centaur warriors (D:8)
  A two-headed ogre (D:8)
  An ugly thing (D:11)
  Prince Ribbit (D:6)
  A hornet (D:9)
  5 slime creatures (D:12)
  A shadow (D:12)
  30 yaks
  3 wyverns
  2 vampires (D:10)
  A vampire mosquito (D:8)
  2 steam dragons
  An acid dragon (D:11)
  A water moccasin (D:8)
  An ice beast (D:7)
  4 orc warriors
  2 ogres
  A black bear (D:6)
  3 centaurs
  2 phantoms
  3 kobold brigands
  A bullfrog (D:8)
  A scorpion (D:6)
  A necrophage (D:4)
  A gnoll sergeant (D:11)
  9 wights
  4 killer bees
  3 howler monkeys
  A crimson imp (D:5)
  A gnoll bouda (D:6)
  2 jellies (D:8)
  8 orc priests
  2 iguanas
  10 orc wizards
  6 gnolls
  8 adders
  2 shadow imps (D:8)
  A white imp (D:5)
  An ufetubus (D:5)
  2 dart slugs (D:1)
  28 orcs
  5 ball pythons
  8 bats
  16 endoplasms
  4 giant cockroaches
  8 goblins
  5 hobgoblins
  3 jackals (D:2)
  4 quokkas
  8 frilled lizards
  20 kobolds
  3 rats
244 creatures vanquished.

Vanquished Creatures (collateral kills)
  A hydra (D:8)
  8 slime creatures (D:12)
  A wraith (D:12)
  A steam dragon (D:6)
  A water moccasin (D:6)
  A black bear (D:6)
  An ice beast (D:5)
  An orc warrior (D:9)
  An ogre (D:5)
  A wight (D:8)
  An orc priest (D:6)
  A gnoll (D:6)
  5 orcs
  A kobold (D:8)
25 creatures vanquished.

Vanquished Creatures (others)
  A quokka (D:7)
1 creature vanquished.

Grand Total: 270 creatures vanquished

Notes
Turn   | Place    | Note
-------+----------+-------------------------------------------
     0 | Abyss:1  | xian the Demonspawn Abyssal Knight began the quest for the
                  | Orb.
     0 | Abyss:1  | Reached XP level 1. HP: 18/18 MP: 2/2
     1 | D:1      | Escaped the Abyss
   257 | D:1      | Gained mutation: A weak demonic guardian rushes to your
                  | aid. [demonic ancestry]
   257 | D:1      | Reached XP level 2. HP: 20/24 MP: 3/3
   561 | D:1      | Reached skill level 2 in Axes
   644 | D:1      | Reached skill level 1 in Dodging
   724 | D:1      | Gained mutation: You are partially covered in razor-sharp
                  | scales. (AC +1, Slay +1) [demonic ancestry]
   724 | D:1      | Reached XP level 3. HP: 29/29 MP: 4/4
  1337 | D:2      | Reached *** piety under Lugonu
  1404 | D:2      | Reached XP level 4. HP: 25/37 MP: 5/5
  2105 | D:2      | Reached skill level 3 in Axes
  2715 | D:3      | Found a faded altar of an unknown god.
  3577 | D:3      | Found a runed translucent door.
  3580 | D:3      | Noticed Fractals's ghost (amateur HuCj)
  3674 | D:4      | Noticed a necrophage
  3691 | D:4      | Gained mutation: A demonic guardian rushes to your aid.
                  | [demonic ancestry]
  3691 | D:4      | Reached XP level 5. HP: 25/39 MP: 6/6
  4122 | D:4      | Found Zin's Purification Station.
  4143 | D:4      | Noticed an ogre
  4162 | D:4      | Killed an ogre
  4163 | D:4      | Reached skill level 1 in Shields
  4163 | D:4      | Gained mutation: You are mostly covered in razor-sharp
                  | scales. (AC +2, Slay +2) [demonic ancestry]
  4163 | D:4      | Reached XP level 6. HP: 42/48 MP: 7/7
  4341 | D:4      | Reached **** piety under Lugonu
  4342 | D:4      | Reached skill level 4 in Axes
  4429 | D:4      | Found an ancient bone altar of Kikubaaqudgha.
  4433 | D:4      | Found a blossoming altar of Fedhas.
  4484 | D:4      | Found a basalt altar of Yredelemnul.
  4526 | D:5      | Entered Level 5 of the Dungeon
  5269 | D:5      | Gained mutation: You regenerate a little health from kills.
                  | [demonic ancestry]
  5269 | D:5      | Reached XP level 7. HP: 43/54 MP: 8/8
  5475 | D:5      | Found a shimmering altar of Xom.
  5475 | D:5      | Found a burning altar of Makhleb.
  5483 | D:5      | Reached skill level 1 in Throwing
  5529 | D:5      | Reached skill level 1 in Stealth
  5711 | D:6      | Reached skill level 5 in Axes
  6211 | D:6      | Noticed Prince Ribbit
  6230 | D:6      | Killed Prince Ribbit
  6231 | D:6      | Gained mutation: You regenerate health from kills. [demonic
                  | ancestry]
  6231 | D:6      | Reached XP level 8. HP: 60/61 MP: 9/9
  6273 | D:6      | Reached skill level 6 in Axes
  6489 | D:6      | Found a bloodstained altar of Trog.
  6647 | D:6      | Found Pynweur's General Store.
  6651 | D:6      | Bought a scroll of noise for 14 gold pieces
  7631 | D:7      | Found a staircase to the Ecumenical Temple.
  7653 | D:7      | Reached skill level 5 in Shields
  7907 | D:7      | Gained mutation: You punish those that try to bend your
                  | will. (Will+) [demonic ancestry]
  7907 | D:7      | Reached XP level 9. HP: 59/67 MP: 10/10
  8204 | D:7      | Reached skill level 7 in Axes
  8237 | D:7      | Reached skill level 5 in Fighting
  8293 | D:7      | Found an ornate altar of the Wu Jian Council.
  8422 | D:8      | Found a hide-covered altar of Uskayaw.
  8567 | D:8      | Reached skill level 5 in Armour
  9010 | D:8      | Reached skill level 8 in Axes
  9027 | D:8      | Noticed a two-headed ogre
  9033 | D:8      | Noticed a centaur warrior
  9036 | D:8      | Killed a two-headed ogre
  9037 | D:8      | Gained mutation: You have sharp fingernails. [demonic
                  | ancestry]
  9037 | D:8      | Reached XP level 10. HP: 23/76 MP: 11/11
  9042 | D:8      | Killed a centaur warrior
  9047 | D:8      | Reached ***** piety under Lugonu
  9145 | D:8      | Noticed a centaur warrior
  9158 | D:8      | Killed a centaur warrior
  9159 | D:8      | Reached skill level 9 in Axes
  9197 | D:8      | Noticed a seven-headed hydra
  9412 | D:8      | Found Ypetuqot's Armour Emporium.
  9426 | D:8      | Found a shadowy altar of Dithmenos.
  9609 | D:8      | Found a staircase to the Lair.
  9676 | D:8      | Killed an 11-headed hydra
 10304 | D:9      | Identified the +7 sling "Testudineslayer" {vorpal, rPois
                  | Will+}
 10559 | D:9      | Reached skill level 1 in Ranged Weapons
 10760 | D:9      | Gained mutation: You have very sharp fingernails. [demonic
                  | ancestry]
 10760 | D:9      | Reached XP level 11. HP: 83/83 MP: 12/12
 10897 | D:9      | Reached skill level 10 in Axes
 11309 | D:9      | Found a hazy altar of Hepliaklqana.
 11465 | D:9      | Found a radiant altar of Vehumet.
 11540 | D:10     | Entered Level 10 of the Dungeon
 11643 | D:10     | Found Sobb's Elemental Accessories.
 11932 | D:10     | HP: 4/83 [vampire (8)]
 13546 | D:11     | Noticed a brown ugly thing
 13560 | D:11     | Killed a brown ugly thing
 14067 | D:12     | Gained mutation: You are completely covered in razor-sharp
                  | scales. (AC +3, Slay +3) [demonic ancestry]
 14067 | D:12     | Reached XP level 12. HP: 74/92 MP: 13/13
 14074 | D:12     | Noticed a boulder beetle
 14076 | D:12     | Found a gate leading to a gauntlet.
 14097 | D:12     | Mangled by a boulder beetle

Illustrated notes

Levels and vault maps discovered:
D:1:      psy_arrival_whirlpool, layout_basic
D:2:      layout_basic, hangedman_decor_riveting
D:3:      layout_basic, shapermc_ecumenical_altar_totnotflames,
          ebering_ghost_sewer_d, chequers_serial_rivers_room_a,
          nicolae_underground_beach
D:4:      layout_rooms, mainiacjoe_overflow_alcove_2,
          grunt_temple_overflow_growth_and_decay, zin_purify
D:5:      layout_basic, grunt_temple_overflow_champion_of_chaos, st_stairs_3
D:6:      layout_layer_cave, trog_ov_bears_minmay, serial_shops,
          kennysheep_mini, uniq_prince_ribbit1
D:7:      layout_loops_cross, nicolae_wu_jian_immortal_techniques,
          elyvilon_altar_4, nicolae_overflow_crystal_walls,
          minmay_temple_entry_waves
D:8:      minmay_slanted_spiral_squares, layout_cave_pools, lemuel_doored_altar,
          kennysheep_mini_moat, lair_entry_dummy, serial_shops, shop,
          eino_tiny_chamber
D:9:      layout_stronghold, nzn_hepliaklqana_mist_gate,
          overflow_temple_1_default
D:10:     layout_irregular_city, nicolae_elemental_shop
D:11:     layout_loops_cross
D:12:     dreamdust_isle_of_ice, layout_loops_ring, david_orc_3, special_room
          [special_room_bee], portal_ice_cave_demonic_guard,
          gauntlet_entry_generic

Skill      XL: |  1  2  3  4  5  6  7  8  9 10 11 |
---------------+----------------------------------+-----
Axes           | 2 3 4 5 6 8 9 10 | 10.6
Dodging        | 1 2 |  2.2
Armour         | 2 3 4 5 6 7 |  7.2
Shields        | 1 2 3 5 7 8 9 |  9.3
Fighting       | 4 5 6 8 |  8.1
Throwing       | 1 |  1.7
Stealth        | 1 2 |  2.0
Ranged Weapons | 1 4 |  4.3
Invocations    | |  2.5
Evocations     | |  0.3

Action                   |  1- 3 |  4- 6 |  7- 9 | 10-12 || total
-------------------------+-------+-------+-------+-------++-------
Melee: Hand axe          |    92 |   171 |   260 |   291 ||   814
       Punch             |     2 |       |       |       ||     2
 Fire: Sling             |       |       |       |   109 ||   109
Throw: Stone             |       |    29 |     6 |    13 ||    48
Evoke: Wand              |       |     2 |       |     1 ||     3
  Use: Potion            |       |       |     2 |     1 ||     3
       Scroll            |       |       |       |    15 ||    15
 Stab: Sleeping          |     2 |       |       |       ||     2
       Held in net/web   |       |       |     1 |       ||     1
       Distracted        |       |       |       |     2 ||     2
Armor: Leather armour    |    13 |       |       |       ||    13
       Plate armour      |    46 |   113 |   139 |   136 ||   434
Dodge: Dodged            |    40 |    15 |    25 |    42 ||   122
Block: Other             |    21 |    11 |       |       ||    32
       Kite shield       |       |   112 |   270 |   367 ||   749
       Reflection        |       |     3 |     9 |    10 ||    22
